 Dungeon Crawl Stone Soup version 0.30-a0-176-gdd20fb75b6 (webtiles) character file.

Game seed: 10618517923244054980

629 qw the Chopper (level 7, -8/44 HPs)
             Began as a Gargoyle Fighter on Oct 1, 2022.
             Mangled by a gnoll sergeant
             ... wielding a +5 spear of flaming
              (13 damage)
             ... on level 6 of the Dungeon.
             The game lasted 00:01:40 (3484 turns).

qw the Chopper (Gargoyle Fighter)                   Turns: 3484, Time: 00:01:40

Health: -8/44      AC: 21    Str: 21    XL:     7   Next: 48%
Magic:  7/7        EV:  5    Int:  9    God:
Gold:   175        SH:  4    Dex:  9    Spells: 6/6 levels left

rFire   . . .      SeeInvis .    k - +2 hand axe (vamp)
rCold   . . .      Faith    .    c - +0 buckler
rNeg    + . .      Spirit   .    f - +2 plate armour
rPois   inf        Reflect  .    (no helmet)
rElec   +          Harm     .    (no cloak)
rCorr   .          Rampage  .    e - +2 pair of gloves
Will    .....                    (no boots)
Stlth   ..........               (no amulet)
HPRegen 0.27/turn                (no ring)
MPRegen 0.10/turn                (no ring)

@: about to teleport
A: sickness immunity, AC +4, negative energy resistance 1, electricity
resistance, torment resistance 1, petrification resistance
a: no special abilities


You were on level 6 of the Dungeon.
You visited 1 branch of the dungeon, and saw 5 of its levels.

You collected 175 gold pieces.


Innate Abilities, Weirdness & Mutations

You are immune to sickness and miasma.
Your stone body is resilient. (AC +4)
You are immune to poison.
You resist negative energy. (rN+)
You are resistant to electric shocks. (rElec)
You are resistant to unholy torment.
You are immune to petrification.


   Skills:
 - Level 4.3 Fighting
 + Level 6.7 Axes
 - Level 4.0 Armour
 - Level 3.2 Shields


You had 6 spell levels left.
You didn't know any spells.
Your spell library was empty.

Inventory:

Hand Weapons
 b - a +0 flail
 k - a +2 vampiric hand axe (weapon)
 Y - a +1 war axe
Armour
 c - a +0 buckler (worn)
 e - a +2 pair of gloves (worn)
 f - a +2 plate armour (worn)
Scrolls
 a - a scroll of teleportation
 h - a scroll of identify
Potions
 d - a potion of might
 g - a potion of lignification {unknown}
 i - a potion of mutation {unknown}
 j - a potion of flight {unknown}
 m - 2 potions of curing
 n - a potion of haste
 o - a potion of resistance {unknown}

Dungeon Overview and Level Annotations

Branches:
Dungeon (4/15)
 Temple: D:4-7

Altars:


Message History

You hit the gnoll.
The gnoll hits you but does no damage. x2
The gnoll sergeant hits you from afar with a +5 spear of flaming!
The gnoll sergeant burns you. The gnoll hits you with a +0 flail.
You hit the gnoll.
You feel better.
The gnoll is heavily wounded.
You hit the gnoll but do no damage. x2
The gnoll hits you but does no damage. x2; The gnoll closely misses you.
You block the gnoll sergeant's attack. The gnoll hits you with a +0 flail.
You barely miss the gnoll.
The gnoll is heavily wounded.
You hit the gnoll but do no damage. You hit the gnoll.
The gnoll closely misses you. You block the gnoll's attack. x3
The gnoll sergeant hits you from afar with a +5 spear of flaming.
The gnoll sergeant burns you.
You completely miss the gnoll.
The gnoll is heavily wounded.
You hit the gnoll. You barely miss the gnoll.
The gnoll hits you but does no damage. The gnoll barely misses you.
The gnoll hits you but does no damage. x2; The gnoll sergeant barely misses you.
You slash the gnoll!
You feel better.
You kill the gnoll!
You closely miss the gnoll. x2
The gnoll hits you but does no damage. x2
The gnoll sergeant hits you from afar with a +5 spear of flaming!
The gnoll sergeant burns you. The gnoll hits you but does no damage.
You barely miss the gnoll.
The gnoll is moderately wounded.
You closely miss the gnoll. The gnoll hits you but does no damage.
The gnoll hits you from afar with a +0 spear.
The gnoll hits you but does no damage.
The gnoll sergeant hits you from afar with a +5 spear of flaming.
The gnoll sergeant burns you.
3484 ||| READING 2 scrolls of teleportation.
As you read the scroll of teleportation, it crumbles to dust.
You feel strangely unstable. The gnoll barely misses you.
The gnoll hits you but does no damage.
The gnoll sergeant hits you from afar with a +5 spear of flaming!
You die...

#........##
#.........#
.........# .
.......#### ..##
#......#..#
.....##.........#
......gg.?......#
.....g)@.....#..#.
.....g.#.....#....
....#..#.........
##. #..#......#..
#........#... #
##..###.### #...
......#..###.....
##...............
##.###..........


You could see a gnoll sergeant and 3 gnolls.

Vanquished Creatures
  A kobold brigand (D:3)
  4 howler monkeys (D:3)
  2 hounds (D:3)
  An orc priest (D:3)
  2 orc wizards (D:3)
  14 gnolls
  2 adders
  2 worms
  24 orcs (D:3)
  An endoplasm (D:3)
  3 giant cockroaches
  3 goblins
  5 hobgoblins
  12 jackals (D:3)
  4 kobolds
  5 quokkas
  4 ball pythons
  4 bats
  5 rats
98 creatures vanquished.

Vanquished Creatures (others)
  8 plants (D:3)
8 creatures vanquished.

Grand Total: 106 creatures vanquished

Notes
Turn   | Place    | Note
-------+----------+-------------------------------------------
     0 | D:1      | qw the Gargoyle Fighter began the quest for the Orb.
     0 | D:1      | Reached XP level 1. HP: 14/14 MP: 1/1
     0 | D:1      | 0 ||| qw: Version: 0.2-a-13-gfc7b4b4
     0 | D:1      | 0 ||| qw: Game counter: 1965
     0 | D:1      | 0 ||| qw: Always use a shield: true
     0 | D:1      | 0 ||| qw: God list: Okawaru
     0 | D:1      | 0 ||| qw: Allow faded altars: false
     0 | D:1      | 0 ||| qw: Do Orc after D:15 true
     0 | D:1      | 0 ||| qw: Do second Lair branch before Depths: true
     0 | D:1      | 0 ||| qw: Lair rune preference: random
     0 | D:1      | 0 ||| qw: Plans: Normal, Zot:1-4, God:TSO, Crypt, Tomb,
                  | Pan, Slime:5, Hells, Abyss, Orb
     0 | D:1      | 0 ||| PLANNING D:1-11
    46 | D:1      | Reached skill level 2 in Axes
   116 | D:1      | 116 ||| DROPPING +0 club.
   205 | D:1      | Reached XP level 2. HP: 19/19 MP: 2/2
   758 | D:1      | 758 ||| READING scroll labelled MOPNUR YGITEC.
   763 | D:1      | 763 ||| READING 2 scrolls labelled GIONEI RISKI.
   764 | D:1      | 764 ||| READING 2 scrolls labelled MOFEJU SOAKLAE.
   765 | D:1      | 765 ||| READING scroll labelled WOHIPO PEG.
   766 | D:1      | 766 ||| READING scroll labelled OQEURE MUYVUTS.
   767 | D:1      | 767 ||| READING scroll labelled YMNUAXU NIMUCK.
   768 | D:1      | 768 ||| DRINKING 3 clear potions.
   769 | D:1      | 769 ||| DRINKING 2 bubbling grey potions.
   770 | D:1      | 770 ||| DROPPING scroll of fear.
   918 | D:2      | 918 ||| Stepping ~*~*~tactically~*~*~ (stealth).
   937 | D:2      | Reached skill level 3 in Axes
   937 | D:2      | Reached XP level 3. HP: 17/23 MP: 3/3
  1835 | D:2      | 1835 ||| UPGRADING to +2 pair of gloves.
  1840 | D:2      | 1840 ||| UPGRADING to +0 plate armour.
  1850 | D:2      | 1850 ||| DROPPING +0 scale mail.
  1851 | D:2      | 1851 ||| READING scroll of enchant armour.
  1851 | D:2      | 1851 ||| ENCHANTING +0 plate armour.
  1852 | D:2      | 1852 ||| READING scroll labelled LUHOUZ WIMNEO.
  1853 | D:2      | 1853 ||| READING scroll labelled ELUMUN TYPAYTH.
  1854 | D:2      | 1854 ||| DRINKING 2 coppery potions.
  1959 | D:2      | 1959 ||| DROPPING potion of berserk rage.
  2016 | D:3      | Reached XP level 4. HP: 28/28 MP: 4/4
  2017 | D:3      | Reached skill level 4 in Axes
  2024 | D:3      | 2024 ||| DROPPING +0 whip.
  2054 | D:3      | 2054 ||| Stepping ~*~*~tactically~*~*~ (stealth).
  2055 | D:3      | 2055 ||| Stepping ~*~*~tactically~*~*~ (stealth).
  2056 | D:3      | 2056 ||| Stepping ~*~*~tactically~*~*~ (stealth).
  2075 | D:3      | 2075 ||| Stepping ~*~*~tactically~*~*~ (stealth).
  2081 | D:3      | Reached XP level 5. HP: 32/32 MP: 5/5
  2086 | D:3      | 2086 ||| Stepping ~*~*~tactically~*~*~ (stealth).
  2087 | D:3      | 2087 ||| Stepping ~*~*~tactically~*~*~ (stealth).
  2095 | D:3      | 2095 ||| Stepping ~*~*~tactically~*~*~ (stealth).
  2105 | D:3      | 2105 ||| Stepping ~*~*~tactically~*~*~ (stealth).
  2245 | D:3      | 2245 ||| Stepping ~*~*~tactically~*~*~ (stealth).
  2664 | D:3      | Reached skill level 5 in Axes
  2674 | D:3      | Reached XP level 6. HP: 26/39 MP: 6/6
  2821 | D:3      | 2821 ||| Stepping ~*~*~tactically~*~*~ (stealth).
  2831 | D:3      | 2831 ||| Stepping ~*~*~tactically~*~*~ (water).
  2836 | D:3      | Reached skill level 6 in Axes
  2849 | D:3      | Reached XP level 7. HP: 25/44 MP: 7/7
  2862 | D:3      | 2862 ||| FLEEEEING.
  2863 | D:3      | 2863 ||| FLEEEEING.
  2864 | D:3      | 2864 ||| FLEEEEING.
  2865 | D:3      | 2865 ||| FLEEEEING.
  2866 | D:3      | 2866 ||| FLEEEEING.
  2867 | D:3      | 2867 ||| FLEEEEING.
  2868 | D:3      | 2868 ||| FLEEEEING.
  2869 | D:3      | 2869 ||| FLEEEEING.
  2870 | D:3      | 2870 ||| FLEEEEING.
  2871 | D:3      | 2871 ||| FLEEEEING.
  2873 | D:3      | 2873 ||| FLEEEEING.
  2877 | D:3      | 2877 ||| FLEEEEING.
  2881 | D:3      | 2881 ||| FLEEEEING.
  2882 | D:3      | 2882 ||| FLEEEEING.
  2883 | D:3      | 2883 ||| FLEEEEING.
  2884 | D:3      | 2884 ||| FLEEEEING.
  2885 | D:3      | 2885 ||| FLEEEEING.
  2886 | D:3      | 2886 ||| FLEEEEING.
  2887 | D:3      | 2887 ||| FLEEEEING.
  2888 | D:3      | 2888 ||| FLEEEEING.
  2889 | D:3      | 2889 ||| FLEEEEING.
  2890 | D:3      | 2890 ||| FLEEEEING.
  2891 | D:3      | 2891 ||| FLEEEEING.
  2892 | D:3      | 2892 ||| FLEEEEING.
  2893 | D:3      | 2893 ||| FLEEEEING.
  2894 | D:3      | 2894 ||| FLEEEEING.
  2895 | D:3      | 2895 ||| STAIRDANCE
  2919 | D:2      | 2919 ||| READING scroll labelled ZILOIDOQEG.
  2931 | D:3      | 2931 ||| READING scroll of enchant armour.
  2931 | D:3      | 2931 ||| ENCHANTING +1 plate armour.
  3104 | D:3      | 3104 ||| FLEEEEING.
  3105 | D:3      | 3105 ||| FLEEEEING.
  3106 | D:3      | 3106 ||| FLEEEEING.
  3107 | D:3      | 3107 ||| FLEEEEING.
  3108 | D:3      | 3108 ||| FLEEEEING.
  3109 | D:3      | 3109 ||| FLEEEEING.
  3110 | D:3      | 3110 ||| FLEEEEING.
  3111 | D:3      | 3111 ||| FLEEEEING.
  3112 | D:3      | 3112 ||| FLEEEEING.
  3113 | D:3      | 3113 ||| FLEEEEING.
  3114 | D:3      | 3114 ||| FLEEEEING.
  3354 | D:3      | 3354 ||| Stepping ~*~*~tactically~*~*~ (stealth).
  3362 | D:3      | 3362 ||| SWAPPING to +2 vampiric hand axe.
  3463 | D:4      | You fall into a shaft and drop 2 floors!
  3483 | D:6      | HP: 7/44 [gnoll sergeant/+5 spear of flaming (5)]
  3484 | D:6      | 3484 ||| READING 2 scrolls of teleportation.
  3484 | D:6      | Mangled by a gnoll sergeant

Levels and vault maps discovered:
D:1:      matt_arrival_grand_opening, layout_loops_ring
D:2:      layout_basic
D:3:      lemuel_castle_with_subvaults [lemuel_castle_interior_carwin_2],
          layout_loops_cross, serial_bayou_lagoon_a, st_stairs_13,
          minmay_misc_feat_encased, amethyst_killhole
D:4:      layout_loops_ring, item_on_display_a, uniq_blork_the_orc
D:6:      layout_cave_pools, kennysheep_mini, minmay_misc_feat_enclosed,
          mrwooster_statue_mirror, uniq_maggie

Skill      XL: |  1  2  3  4  5  6  7 |
---------------+----------------------+-----
Axes           | 2 3 4 5 6 |  6.7
Fighting       | 4 |  4.3
Armour         | 4 |  4.0
Shields        | |  3.2

Action                   |  1- 3 |  4- 6 |  7- 9 || total
-------------------------+-------+-------+-------++-------
Melee: War axe           |    98 |   116 |    66 ||   280
       Hand axe          |       |       |    23 ||    23
Throw: Boomerang         |       |     1 |       ||     1
  Use: Scroll            |     9 |       |     3 ||    12
       Potion            |     3 |       |       ||     3
Armor: Scale mail        |    52 |       |       ||    52
       Plate armour      |     3 |   124 |    81 ||   208
Dodge: Dodged            |    35 |    25 |    20 ||    80
Block: Buckler           |    21 |    17 |    19 ||    57

Table legend:
 A = Non-vault XP
 B = Vault XP
 C = Vault XP percentage of total XP
 D = Non-vault monster count
 E = Vault monster count
 F = Vault count percentage of total count
                 A         B        C        D         E       F
            +---------+---------+-------+---------+---------+-------
      Total |     207 |     692 |  77.0 |      47 |      51 |  52.0
            +---------+---------+-------+---------+---------+-------
        D:1 |      22 |       0 |   0.0 |      13 |       0 |   0.0
        D:2 |      35 |       0 |   0.0 |      12 |       0 |   0.0
        D:3 |     130 |     692 |  84.2 |      18 |      51 |  73.9
        D:4 |       6 |       0 |   0.0 |       3 |       0 |   0.0
        D:6 |      14 |       0 |   0.0 |       1 |       0 |   0.0
            +---------+---------+-------+---------+---------+-------
